 Dungeon Crawl Stone Soup version 0.30-a0-629-gd54f4be4f7 (webtiles) character file.

Game seed: 13089675003817929382

268 Mitcholas the Shooter (level 6, 0/36 HPs)
             Began as a Deep Elf Hunter on Jan 12, 2023.
             Slain by an ufetubus (3 damage)
             ... on level 4 of the Dungeon.
             The game lasted 00:03:39 (2979 turns).

Mitcholas the Shooter (Deep Elf Hunter)             Turns: 2979, Time: 00:03:39

Health: 0/36       AC:  3    Str:  8    XL:     6   Next: 1%
Magic:  17/17      EV: 13    Int: 14    God:
Gold:   168        SH:  0    Dex: 20    Spells: 5/5 levels left

rFire   . . .      SeeInvis .    a - +0 shortbow
rCold   . . .      Faith    .    (shield currently unavailable)
rNeg    . . .      Spirit   .    c - +0 leather armour
rPois   .          Reflect  .    (no helmet)
rElec   .          Harm     .    (no cloak)
rCorr   .          Rampage  .    (no gloves)
Will    .....                    (no boots)
Stlth   ++                       (no amulet)
HPRegen 0.26/turn                f - ring of flight
MPRegen 0.15/turn                g - ring of magical power

@: flying
A: no striking features
a: no special abilities


You were on level 4 of the Dungeon.
You visited 1 branch of the dungeon, and saw 4 of its levels.

You collected 168 gold pieces.

Inventory:

Hand Weapons
 a - a +0 shortbow (weapon)
 p - a +1 heavy arbalest
Armour
 c - a +0 leather armour (worn)
Jewellery
 f - a ring of flight (left hand)
 g - a ring of magical power (right hand)
Scrolls
 b - a scroll of immolation
 d - 2 scrolls of teleportation {unknown}
 h - a scroll of blinking {unknown}
 i - 2 scrolls of vulnerability {unknown}
 n - 3 scrolls of identify {unknown}
 o - a scroll of magic mapping {unknown}
 r - a scroll of torment {unknown}
 u - a scroll of brand weapon {unknown}
Potions
 e - 2 potions of heal wounds {unknown}
 j - 2 potions of ambrosia {unknown}
 k - 2 potions of attraction {unknown}
 l - 2 potions of curing {unknown}
 m - a potion of resistance {unknown}
 q - a potion of berserk rage {unknown}
 s - a potion of invisibility {unknown}
 t - a potion of might {unknown}


   Skills:
 + Level 2.5 Fighting
 * Level 7.1 Ranged Weapons
 + Level 1.5 Armour
 + Level 3.8 Dodging
 + Level 3.2 Stealth


You had 5 spell levels left.
You didn't know any spells.
Your spell library contained the following spells:

 Spells                   Type           Power      Damage    Failure   Level
 Blink                    Tloc           0%         N/A       52%         2
 Portal Projectile        Hex/Tloc       0%         N/A       77%         3
 Tukima's Dance           Hex            0%         N/A       77%         3
 Manifold Assault         Tloc           0%         N/A       99%         4
 Blade Hands              Tmut           0%         N/A       100%        5
 Fireball                 Conj/Fire      0%         3d3       100%        5
 Iskenderun's Battlesphe  Conj           0%         2d6       100%        5
 Conjure Ball Lightning   Conj/Air       0%         3x3d6     100%        6
 Orb of Destruction       Conj           0%         9d5       100%        7
 Storm Form               Tmut/Air       0%         N/A       100%        7
 Discord                  Hex            0%         N/A       100%        8
 Disjunction              Tloc           0%         N/A       100%        8


Dungeon Overview and Level Annotations

Branches:
Dungeon (4/15)
 Temple: D:4-7

Altars:
The Shining One


Message History

Aim: a hound skeleton (almost destroyed, 79% to hit)
You shoot an arrow. The arrow hits the hound skeleton.
You destroy the hound skeleton!
You have reached level 6!
Unknown command.
Fire: a) +0 shortbow
Press: ? - help, Q - select action Shift-Dir - straight line, f - ufetubus
Aim: an ufetubus (51% to hit)
You shoot an arrow. The arrow hits the ufetubus.
The ufetubus is heavily wounded.
The ufetubus barely misses you. x2; The ufetubus hits you.
* * * LOW HITPOINT WARNING * * *
The ufetubus hits you but does no damage.
Fire: a) +0 shortbow
Press: ? - help, Q - select action Shift-Dir - straight line, f/p - ufetubus
Aim: an ufetubus (heavily wounded, 51% to hit)
You shoot an arrow. The arrow hits the ufetubus.
The ufetubus is severely wounded.
The ufetubus misses you. x2
Fire: a) +0 shortbow
Press: ? - help, Q - select action Shift-Dir - straight line, f/p - ufetubus
Aim: an ufetubus (severely wounded, 51% to hit)
You shoot an arrow.
The arrow hits the ufetubus but does no damage.
The ufetubus is severely wounded.
The ufetubus closely misses you. The ufetubus completely misses you.
The ufetubus misses you. The ufetubus hits you.
* * * LOW HITPOINT WARNING * * *
Fire: a) +0 shortbow
Press: ? - help, Q - select action Shift-Dir - straight line, f/p - ufetubus
Aim: an ufetubus (severely wounded, 51% to hit)
You shoot an arrow. The arrow barely misses the ufetubus.
The ufetubus barely misses you. x2; The ufetubus closely misses you.
The ufetubus misses you.
Fire: a) +0 shortbow
Press: ? - help, Q - select action Shift-Dir - straight line, f/p - ufetubus
Aim: an ufetubus (severely wounded, 51% to hit)
You shoot an arrow. The arrow barely misses the ufetubus.
The ufetubus hits you.
You die...

#.####...########..###
#.#......###........#####
#..###..).....####......#
#[####.#.....# #......#
...........8# #......#
#....##8...# #......#
#.####..# ####.##
#......# #.......####
#..###......#
..#.5@.####....###.###
........##..# ####.###.#
.......####.### #.....#
#...... #...# ####..##
.....:. ###.#### #...#
.#..... #....#####.##
#....# ####...##...##
#.... #.###.....#
#..#.......


You could see an ufetubus.

Vanquished Creatures
  An orc priest (D:3)
  An iguana (D:4)
  3 orc wizards (D:3)
  A hound skeleton (D:4)
  3 adders
  A white imp (D:3)
  An adder zombie (D:4)
  2 worms
  11 orcs (D:3)
  4 bats
  3 endoplasms
  2 giant cockroaches
  7 goblins
  8 hobgoblins
  6 jackals (D:1)
  4 ball pythons
  5 frilled lizards
  5 kobolds
  4 rats
72 creatures vanquished.

Vanquished Creatures (others)
  A withered plant (D:4)
1 creature vanquished.

Grand Total: 73 creatures vanquished

Notes
Turn   | Place    | Note
-------+----------+-------------------------------------------
     0 | D:1      | Mitcholas the Deep Elf Hunter began the quest for the Orb.
     0 | D:1      | Reached XP level 1. HP: 12/12 MP: 3/3
   152 | D:1      | Reached XP level 2. HP: 16/17 MP: 4/4
   824 | D:2      | Reached XP level 3. HP: 21/21 MP: 5/5
   923 | D:2      | Reached skill level 6 in Ranged Weapons
  1553 | D:3      | Reached XP level 4. HP: 26/26 MP: 6/6
  1812 | D:3      | HP: 1/26 [orc/+0 hand axe (4)]
  1816 | D:3      | Reached skill level 1 in Armour
  2107 | D:3      | Reached XP level 5. HP: 15/31 MP: 7/7
  2931 | D:4      | Found a glowing golden altar of the Shining One.
  2965 | D:4      | Reached skill level 7 in Ranged Weapons
  2975 | D:4      | Reached XP level 6. HP: 8/36 MP: 8/8
  2979 | D:4      | Slain by an ufetubus

Illustrated notes

Levels and vault maps discovered:
D:1:      dpeg_arrival_tiny_g, layout_basic, hex_large, amethyst_killhole
D:2:      minmay_door_path, layout_basic
D:3:      layout_basic, chequers_serial_rivers_small_3, minmay_misc_feat_doors
D:4:      layout_rooms, lemuel_round_altar, minmay_temple_entry_mini_moons,
          serial_undead, serial_undead_c, serial_undead_e, serial_undead_d,
          serial_undead_e, uniq_eustachio, uniq_grinder, uniq_duvessa

Skill      XL: |  1  2  3  4  5 |
---------------+----------------+-----
Fighting       | 2 |  2.5
Ranged Weapons | 6 7 |  7.1
Stealth        | 2 3 |  3.2
Dodging        | 3 |  3.8
Armour         | 1 |  1.5

Action                   |  1- 3 |  4- 6 || total
-------------------------+-------+-------++-------
Melee: Shortbow          |       |     1 ||     1
 Fire: Shortbow          |    90 |   119 ||   209
Armor: Leather armour    |     5 |     6 ||    11
Dodge: Dodged            |    40 |    44 ||    84

Table legend: (Time is in decaauts)
 A = Elapsed time spent in this place.
 B = Non-inter-level travel time spent in this place.
 C = Inter-level travel time spent in this place.
 D = Time resting spent in this place.
 E = Time spent auto-exploring this place.
 F = Levels seen in this place.
 G = Mean time per level.
                   A        B        C        D        E       F      G
               +--------+--------+--------+--------+--------+-----+--------+
         Total |   3027 |   2886 |    141 |    324 |   2158 |   4 |  756.8 |
       Dungeon |   3027 |   2886 |    141 |    324 |   2158 |   4 |  756.8 |
               +--------+--------+--------+--------+--------+-----+--------+

Top non-repeatable levels by time:
     D:3: 1286 daAuts
     D:2: 960 daAuts
     D:1: 653 daAuts
     D:4: 127 daAuts
